AoeStats
← Pacmac

Arabia

509637526Analyzed
2v2 RM · 3d ago on Sep 27, 2026· 40m 7s· 4 players
Game mode
Random Map
Map size
Medium (4 player)
Population
200
Speed
Normal
Resources
Standard
Victory
Conquest
Starting age
Dark Age
Ending age
Imperial Age
RankedLock teamsTeams togetherTeam positionsShared explorationLock speedFull tech treeHidden civsTurbo modeCheats
Victory
Defeat
🇩🇪 Lithuanians · Germany
998
+16
🇩🇪 Vietnamese · Germany
997
+16
🇨🇱 Britons · Chile
1022
-17
🇲🇽 Varangians · Mexico
966
-15
MOROCHO
7:16 Loom
10:21 Feudal Age
11:23 Double-Bit Axe
11:22 Horse Collar
19:35 Castle Age
18:49 Scale Barding Armor
19:25 Bloodlines
19:17 Gold Mining
20:15 Forging
21:36 Husbandry
26:51 Wheelbarrow
27:44 Bow Saw
28:08 Stone Mining
29:18 Squires
35:17 Scale Mail Armor
34:41 Man-at-Arms
37:09 Hand Cart
36:43 Town Watch
40:14 Imperial Age
Shaggy
6:59 Loom
9:42 Feudal Age
11:36 Double-Bit Axe
14:28 Fletching
18:23 Padded Archer Armor
18:59 Man-at-Arms
19:59 Scale Mail Armor
28:03 Castle Age
Arminius
11:00 Feudal Age
9:18 Loom
12:39 Double-Bit Axe
13:04 Horse Collar
22:22 Padded Archer Armor
24:45 Castle Age
23:18 Padded Archer Armor
23:45 Fletching
25:13 Elite Skirmisher
26:46 Bow Saw
28:39 Bodkin Arrow
31:43 Squires
31:50 Gold Mining
33:38 Heavy Plow
35:50 Wheelbarrow
35:52 Scale Mail Armor
37:34 Ballistics
38:08 Town Watch
38:25 Arson
42:53 Imperial Age
40:48 Thumb Ring
Pacmac
11:25 Feudal Age
15:10 Horse Collar
15:17 Double-Bit Axe
16:54 Bloodlines
21:52 Castle Age
23:03 Pikeman
24:08 Scale Barding Armor
28:30 Husbandry
28:35 Squires
31:32 Elite Skirmisher
32:41 Man-at-Arms
33:37 Scale Mail Armor
33:39 Long Swordsman
34:06 Arson
35:11 Loom
36:11 Wheelbarrow
42:16 Imperial Age
40:30 Thumb Ring
Connection lost

Rejoining the realm…

Still unreachable

The connection could not be restored.

Session expired

The server has moved on; the page needs a fresh start.